 Dungeon Crawl Stone Soup version 0.30-a0-989-g0d87f670db (webtiles) character file.

Game seed: 17473438386667474700

6079 Aneyh the Warrior (level 10, 0/70 HPs)
             Began as a Tengu Monk on Apr 2, 2023.
             Was a Priest of Hepliaklqana.
             Slain by an orc warrior
             ... wielding a +0 long sword
              (10 damage)
             ... on level 9 of the Dungeon.
             The game lasted 00:21:31 (10614 turns).

Aneyh the Warrior (Tengu Monk)                     Turns: 10614, Time: 00:21:31

Health: 0/70       AC: 10    Str: 17    XL:     10   Next: 88%
Magic:  11/11      EV: 15    Int: 10    God:    Hepliaklqana [***...]
Gold:   517        SH:  0    Dex: 16    Spells: 9/9 levels left

rFire   . . .      SeeInvis .    a - +3 spear (venom)
rCold   . . .      Faith    .    (no shield)
rNeg    + . .      Spirit   .    J - +0 steam dragon scales
rPois   .          Reflect  .    (helmet restricted)
rElec   .          Rampage  .    K - +2 cloak of Decompression {rN+}
rCorr   .                        (no gloves)
Will    .....                    (boots unavailable)
Stlth   ++                       (no amulet)
HPRegen 0.31/turn                (no ring)
MPRegen 0.12/turn                (no ring)

@: flying quickly and evasively, studying Translocations, unable to read, quick
A: reduced essence, beak, talons 3, nimble flight, iridescent scales 1,
inability to read after injury 1, MP-powered wands
a: Renounce Religion, Recall Ancestor, Ancestor Identity, Transference


You were on level 9 of the Dungeon.
You worshipped Hepliaklqana.
Hepliaklqana was most pleased with you.
You visited 2 branches of the dungeon, and saw 10 of its levels.
You also visited: Ossuary.

You collected 517 gold pieces.

Inventory:

Hand Weapons
 a - a +3 spear of venom (weapon)
 b - a +0 shortbow
 v - a +0 spear of electrocution
 y - a +0 heavy falchion
 F - a +0 trident
 O - a +4 great sword of freezing
 P - a +3 spear of freezing
Armour
 j - a +0 leather armour
 B - a +0 robe
 I - a +0 cloak
 J - +0 steam dragon scales (worn)
 K - the +2 cloak of Decompression (worn) {rN+}
   (You found it on level 7 of the Dungeon)

   rN:        It protects you from negative energy.
Jewellery
 k - a +4 ring of protection
 m - a ring of protection from cold
 o - a ring of ice
 E - a ring of ice
 G - a +6 ring of dexterity
Wands
 z - a wand of iceblast (14)
 L - a wand of polymorph (12)
 N - a wand of charming (8)
Scrolls
 d - a scroll of blinking
 e - 3 scrolls of immolation {unknown}
 f - 3 scrolls of poison {unknown}
 g - 2 scrolls of torment {unknown}
 h - 8 scrolls of teleportation
 l - a scroll of enchant weapon
 n - 2 scrolls of enchant armour
 r - 7 scrolls of identify
 s - a scroll of silence
 u - 2 scrolls of magic mapping {unknown}
 w - 2 scrolls of butterflies {unknown}
 A - 3 scrolls of fog
 C - 3 scrolls of amnesia {unknown}
 M - a scroll of vulnerability {unknown}
 Q - a scroll of brand weapon
Potions
 c - a potion of ambrosia
 i - 3 potions of haste {unknown}
 p - 7 potions of curing
 q - 2 potions of attraction {unknown}
 t - 6 potions of heal wounds {unknown}
 x - 2 potions of invisibility
 D - 2 potions of degeneration {unknown}
 H - a potion of resistance {unknown}


   Skills:
 + Level 16.0 Fighting
 - Level 3.2 Polearms
 - Level 3.2 Dodging
 - Level 2.0 Stealth


You had 9 spell levels left.
You didn't know any spells.
Your spell library contained the following spells:

 Spells                   Type           Power      Damage    Failure   Level
 Apportation              Tloc           0%         N/A       36%         1
 Necrotise                Necr           0%         1d4       36%         1
 Summon Small Mammal      Summ           0%         N/A       36%         1
 Gell's Gravitas          Tloc           0%         N/A       75%         3
 Ignite Poison            Fire/Tmut/Pois 0%         N/A       75%         3
 Kindle Blastsparks       Fire/Tloc/Air  0%         2d10      75%         3
 Teleport Other           Tloc           0%         N/A       75%         3
 Freezing Cloud           Conj/Ice/Air   0%         6-21      100%        5
 Dispersal                Tloc           0%         N/A       100%        6


Dungeon Overview and Level Annotations

Branches:
Dungeon (9/15)             Temple (1/1) D:5            Lair (0/5) D:9
Ossuary (visited)
    Orc: D:9-12

Altars:
Ashenzari
Cheibriados
Dithmenos
Elyvilon
Fedhas
Gozag
Hepliaklqana
Kikubaaqudgha
Makhleb
Nemelex Xobeh
Okawaru
Qazlal
Ru
Sif Muna
Trog
Uskayaw
Vehumet
Wu Jian
Xom
Yredelemnul
Zin
The Shining One

Shops:
D:3 [:


Innate Abilities, Weirdness & Mutations

Your life essence is reduced to manifest your ancestor. (-10% HP)
You have a beak for a mouth.
You have claws for feet.
Your magical nature lets you fly swiftly and evasively.
You are partially covered in iridescent scales. (AC +2)
You occasionally lose the ability to read scrolls when taking damage.
You expend magic power (3 MP) to strengthen your wands.


Message History

Reach: a) +3 spear (venom)
Press: ? - help, Dir - move target, f/p - orc warrior
Aim: an orc warrior, wielding a +0 glaive of venom and wearing a +0 chain mail (moderately wounded, extremely poisoned, about 30% to evade your +3 spear of venom)
You reach to attack!
You hit the orc warrior but do no damage.
The orc warrior is moderately wounded.
You feel very sick.
Merenptah hits the orc warrior with a +0 quarterstaff!
The orc warrior barely misses you.
The orc warrior hits Merenptah with a +0 trident!!
Merenptah is destroyed!
Reach: a) +3 spear (venom)
Press: ? - help, Dir - move target, f/p - orc warrior
Aim: an orc warrior, wielding a +0 glaive of venom and wearing a +0 chain mail (moderately wounded, extremely poisoned, about 30% to evade your +3 spear of venom)
You reach to attack!
You closely miss the orc warrior.
The orc warrior is moderately wounded.
You feel very sick.
The orc warrior hits you from afar with a +0 glaive of venom!
* * * LOW HITPOINT WARNING * * *
* * * LOW HITPOINT WARNING * * *
You feel sick.
* * * LOW HITPOINT WARNING * * *
You feel sick.
* * * LOW HITPOINT WARNING * * *
You feel sick.
You feel sick.
* * * LOW HITPOINT WARNING * * *
You feel sick.
You feel sick.
You feel sick.
You feel sick.
You feel sick.
You are no longer poisoned.
You kill the orc warrior!
Your Fighting skill increases to level 16!
You see here a +0 robe.
You see here a +0 robe.
The orc warrior hits you with a +0 long sword!
You feel threatened and lose the ability to read scrolls!
You die...

#.# #...#)## #.# #.# ##.o.[.#####
#.# #.# #..##...z[####.# #.#
#..######.<..#.## ###
#####.#####..#### ####.<..###....
#.....))......o.# ###.........
#.....).#######.# #..........
#.....))#######o####...z.........
#...............@....#.#.........
#.......#######.######.###...#.>.
#.......# #.# .. .......
......... #.# #. ....#..
#......... #.# .. ..... .
#......... #.# ####.. #.........
#.# ########### #.


You could see an orc warrior, a wight (wandering) and an orc.

Vanquished Creatures
  A cyclops (D:7)
  Sigmund (D:6)
  A wyvern (D:8)
  2 yaks (D:8)
  A steam dragon (D:9)
  Menkaure (D:7)
  An acid dragon (D:9)
  2 water moccasins
  Duvessa (D:5)
  An ogre (D:5)
  A black bear (D:5)
  2 orc warriors (D:9)
  3 centaurs
  A phantom (D:6)
  2 bullfrogs
  A kobold brigand (D:8)
  4 scorpions
  A wight (D:9)
  Dowan (D:5)
  2 howler monkeys
  A hound (D:5)
  2 orc priests (D:7)
  3 orc wizards
  A sleepcap (D:5)
  Natasha (twice) (D:3)
  2 iguanas
  2 mummies (Ossuary)
  3 gnolls (D:9)
  4 adders
  A shadow imp (D:7)
  2 ufetubi (D:4)
  3 worms (D:2)
  2 dart slugs
  20 orcs
  8 ball pythons
  5 bats
  An endoplasm (D:1)
  4 giant cockroaches
  10 goblins
  3 hobgoblins
  5 jackals
  2 quokkas (D:4)
  4 frilled lizards (D:1)
  5 goblin zombies (Ossuary)
  2 hobgoblin zombies (Ossuary)
  6 kobolds
  3 kobold zombies (Ossuary)
  An orc zombie (Ossuary)
  A quokka zombie (Ossuary)
  5 rats
  A rat zombie (Ossuary)
144 creatures vanquished.

Vanquished Creatures (collateral kills)
  A boulder beetle (D:7)
  A troll (D:7)
  Grinder (D:6)
  A vampire (D:8)
  A yak (D:9)
  A wraith (D:8)
  2 steam dragons
  2 orc warriors (D:9)
  A black bear (D:6)
  A sky beast (D:8)
  A phantom (D:6)
  A gnoll sergeant (D:9)
  3 wights (D:9)
  3 howler monkeys
  An orc priest (D:9)
  A sleepcap (D:7)
  4 orc wizards
  A mummy (Ossuary)
  2 gnolls (D:9)
  A shadow imp (D:8)
  An adder zombie (Ossuary)
  11 orcs
  A goblin zombie (Ossuary)
  2 hobgoblin zombies (Ossuary)
  A kobold (D:8)
  A kobold zombie (Ossuary)
47 creatures vanquished.

Vanquished Creatures (others)
  3 battlemagi
3 creatures vanquished.

Grand Total: 194 creatures vanquished

Notes
Turn   | Place    | Note
-------+----------+-------------------------------------------
     0 | D:1      | Aneyh the Tengu Monk began the quest for the Orb.
     0 | D:1      | Reached XP level 1. HP: 14/14 MP: 2/2
   182 | D:1      | Reached XP level 2. HP: 19/19 MP: 3/3
   436 | D:1      | Reached skill level 4 in Fighting
   658 | D:1      | Reached XP level 3. HP: 24/24 MP: 4/4
  1184 | D:2      | Found a bloodstained altar of Trog.
  1792 | D:3      | Found Uwkur's Book Emporium.
  1963 | D:3      | Reached XP level 4. HP: 19/30 MP: 5/5
  2123 | D:3      | You fall into a shaft and drop 1 floor!
  2211 | D:4      | Reached skill level 5 in Fighting
  2355 | D:4      | Gained mutation: Your magical nature lets you fly swiftly
                  | and evasively. [Tengu growth]
  2355 | D:4      | Reached XP level 5. HP: 27/35 MP: 6/6
  2429 | D:4      | Reached skill level 6 in Fighting
  2771 | D:4      | Noticed an ogre
  2819 | D:3      | Noticed a water moccasin
  2959 | D:3      | Reached XP level 6. HP: 12/42 MP: 7/7
  3258 | D:3      | Noticed Natasha
  3264 | D:3      | Killed Natasha
  3309 | D:3      | Reached skill level 7 in Fighting
  3385 | D:3      | Found Vim Har's Antique Armour Emporium.
  3824 | D:3      | Killed a water moccasin
  3825 | D:3      | Reached XP level 7. HP: 27/48 MP: 8/8
  3959 | D:3      | Found a radiant altar of Vehumet.
  3959 | D:3      | Noticed Natasha
  3966 | D:3      | Killed Natasha
  4215 | D:5      | Entered Level 5 of the Dungeon
  4219 | D:5      | Reached skill level 8 in Fighting
  4414 | D:5      | Found a staircase to the Ecumenical Temple.
  4730 | D:5      | Reached skill level 9 in Fighting
  4938 | D:5      | Noticed Dowan
  4939 | D:5      | Noticed Duvessa
  5173 | D:5      | Reached XP level 8. HP: 55/56 MP: 9/9
  5295 | D:5      | Killed Duvessa
  5428 | D:5      | Killed Dowan
  5825 | Temple   | Entered the Ecumenical Temple
  5936 | Temple   | Became a worshipper of Hepliaklqana the Forgotten
  5936 | Temple   | Reached * piety under Hepliaklqana
  5936 | Temple   | Reached ** piety under Hepliaklqana
  5937 | Temple   | Remembered your ancestor Merenptah as a battlemage
  6087 | D:6      | Noticed Grinder
  6097 | D:6      | Killed Grinder
  6098 | D:6      | Reached skill level 10 in Fighting
  6134 | D:6      | Found a sand-covered staircase.
  6155 | Ossuary  | Entered an ossuary
  6377 | Ossuary  | Gained mutation: You have an increased reservoir of magic.
                  | (+10% MP) [potion of mutation]
  6377 | Ossuary  | Gained mutation: You occasionally lose the ability to drink
                  | potions when taking damage. [potion of mutation]
  6377 | Ossuary  | Gained mutation: You are frail. (-10% HP) [potion of
                  | mutation]
  6378 | Ossuary  | Lost mutation: You occasionally lose the ability to drink
                  | potions when taking damage. [potion of mutation]
  6378 | Ossuary  | Lost mutation: You are frail. (-10% HP) [potion of
                  | mutation]
  6378 | Ossuary  | Lost mutation: You have an increased reservoir of magic.
                  | (+10% MP) [potion of mutation]
  6378 | Ossuary  | Gained mutation: You are partially covered in iridescent
                  | scales. (AC +2) [potion of mutation]
  6378 | Ossuary  | Gained mutation: You expend magic power (3 MP) to
                  | strengthen your wands. [potion of mutation]
  6378 | Ossuary  | Gained mutation: You occasionally lose the ability to read
                  | scrolls when taking damage. [potion of mutation]
  6483 | D:6      | Reached skill level 11 in Fighting
  6527 | D:6      | Noticed Sigmund
  6536 | D:6      | Killed Sigmund
  6537 | D:6      | Reached XP level 9. HP: 52/57 MP: 10/10
  6992 | D:6      | Reached skill level 12 in Fighting
  7238 | D:7      | Noticed a troll
  7246 | D:7      | Killed a troll
  7299 | D:7      | Found a sparkling altar of Nemelex Xobeh.
  7402 | D:7      | Noticed Menkaure
  7407 | D:7      | Killed Menkaure
  7527 | D:7      | Reached *** piety under Hepliaklqana
  7539 | D:7      | Reached skill level 13 in Fighting
  7667 | D:7      | Identified the +2 cloak of Decompression {rN+}
  7671 | D:7      | Noticed a cyclops
  7672 | D:7      | Noticed a boulder beetle
  7679 | D:7      | Killed a cyclops
  7752 | D:8      | HP: 2/61 [vampire (6)]
  8152 | D:7      | Found a blossoming altar of Fedhas.
  8290 | D:7      | Found a basalt altar of Yredelemnul.
  8353 | D:7      | Reached XP level 10. HP: 61/66 MP: 11/11
  8472 | D:7      | Reached skill level 14 in Fighting
  8523 | D:7      | Identified the +1 ring mail "Hiecri" {-Cast rF+ rC+}
  8666 | D:7      | Killed a boulder beetle
  8751 | D:8      | Found a burning altar of Makhleb.
  8783 | D:8      | Found a shimmering altar of Xom.
  9105 | D:8      | Found a sacrificial altar of Ru.
  9107 | D:8      | Found a glowing golden altar of the Shining One.
  9265 | D:9      | Noticed a death yak
  9266 | D:9      | Found a staircase to the Lair.
  9267 | D:9      | Noticed a death yak
  9269 | D:9      | Noticed a death yak
  9280 | D:8      | Reached skill level 15 in Fighting
 10586 | D:9      | HP: 3/70 [poisoned by an orc warrior]
 10594 | D:9      | Reached skill level 16 in Fighting
 10614 | D:9      | Slain by an orc warrior

Illustrated notes

Levels and vault maps discovered:
D:1:      wander_arrival_desolate, layout_basic
D:2:      layout_basic, basic_altar, minmay_misc_feat_secret_circle
D:3:      layout_basic, overflow_temple_1_default, serial_shops, shop,
          nicolae_shop_trees, corexii_corridor_pit, uniq_natasha
D:4:      layout_basic
D:5:      lemuel_ice_spiral_2, layout_basic, minmay_temple_entry_purple_smoke,
          water_maze_lemuel, uniq_duvessa
D:6:      layout_basic, serial_glass, glass_columns_b, glass_columns_a,
          nicolae_ossuary_entry_false_entrances, uniq_grinder, uniq_sigmund
D:7:      layout_gridville, kennysheep_mini_moat, lemuel_round_altar,
          nemelex_xobeh_ov_fountains_minmay, minmay_manual_mail, uniq_menkaure
D:8:      layout_rooms, mainiacjoe_overflow_paths,
          mainiacjoe_overflow_big_doors, mainiacjoe_overflow_chevrons
D:9:      layout_rooms, dpeg_lair_monsters, david_orc_4, serial_shops,
          kennysheep_mini
Temple:   eino_temple_water

Skill      XL: |  1  2  3  4  5  6  7  8  9 10 |
---------------+-------------------------------+-----
Fighting       | 4 5 6 7 9 11 13 16 | 16.0
Polearms       | |  3.2
Dodging        | |  3.2
Stealth        | |  2.0

Action                     |  1- 3 |  4- 6 |  7- 9 | 10-12 || total
---------------------------+-------+-------+-------+-------++-------
  Melee: Spear             |   112 |   112 |   204 |   101 ||   529
         Kick              |    21 |    34 |    66 |    24 ||   145
         Peck              |    14 |    13 |    35 |    18 ||    80
         Punch             |     1 |       |     1 |     1 ||     3
   Fire: Shortbow          |       |       |     4 |       ||     4
 Invoke: Recall Ancestor   |       |       |     2 |     1 ||     3
         Ancestor Life: Ba |       |       |     1 |       ||     1
    Use: Potion            |       |     1 |     4 |       ||     5
         Scroll            |       |       |     8 |     1 ||     9
   Stab: Sleeping          |     9 |     2 |     1 |     4 ||    16
         Distracted        |       |       |     4 |       ||     4
         Invisible         |       |       |     1 |       ||     1
 Armour: Robe              |     2 |       |       |       ||     2
         Leather armour    |     7 |    11 |    14 |       ||    32
         Steam dragon scal |       |       |     9 |    33 ||    42
  Dodge: Dodged            |    32 |    68 |   105 |    67 ||   272

Table legend: (Time is in decaauts)
 A = Elapsed time spent in this place.
 B = Non-inter-level travel time spent in this place.
 C = Inter-level travel time spent in this place.
 D = Time resting spent in this place.
 E = Time spent auto-exploring this place.
 F = Levels seen in this place.
 G = Mean time per level.
                   A        B        C        D        E       F      G
               +--------+--------+--------+--------+--------+-----+--------+
         Total |  10146 |   9895 |    251 |   2909 |   5445 |  11 |  922.4 |
       Dungeon |   9799 |   9557 |    242 |   2840 |   5282 |   9 | 1088.8 |
        Temple |    111 |    102 |      9 |      0 |     83 |   1 |  111.0 |
       Ossuary |    235 |    235 |      0 |     69 |     78 |   1 |  235.0 |
               +--------+--------+--------+--------+--------+-----+--------+

Top non-repeatable levels by time:
     D:3: 1492 daAuts
     D:8: 1411 daAuts
     D:5: 1348 daAuts
     D:7: 1293 daAuts
     D:4: 1029 daAuts
     D:2: 940 daAuts
     D:1: 880 daAuts
     D:6: 813 daAuts
     D:9: 591 daAuts
 Ossuary: 235 daAuts
  Temple: 111 daAuts
